 Dungeon Crawl Stone Soup version 0.23-a0-14-g8c9a20f (webtiles) character file.

1991 Loudmushroom the Cleaver (level 9, -6/118 HPs)
             Began as a Minotaur Berserker on Aug 2, 2018.
             Was a Priest of Trog.
             Splashed by a jelly's acid (8 damage)
             ... on level 6 of the Dungeon.
             The game lasted 00:29:56 (6331 turns).

Loudmushroom the Cleaver (Minotaur Berserker)       Turns: 6331, Time: 00:29:58

Health: -6/118     AC:  2    Str: 28    XL:     9   Next: 1%
Magic:  8/8        EV: 11    Int:  4    God:    Trog [***...]
Gold:   198        SH:  0    Dex: 12    Spells: 8/8 levels left

rFire    . . .     SeeInvis .   a - +0 hand axe
rCold    . . .     Gourm    .   (no shield)
rNeg     . . .     Faith    .   m - +0 shadow dragon scales
rPois    .         Spirit   .   (helmet restricted)
rElec    .         Reflect  .   T - +0 cloak
rCorr    .         Harm     .   (no gloves)
MR       .....                  (no boots)
Stlth    ..........             (no amulet)
HPRegen  0.29/turn              (no ring)
MPRegen  0.11/turn              (no ring)

@: berserking, lethally poisoned (-6 -> -10), corroded, starving, very quick
A: retaliatory headbutt, horns 2
a: Berserk, Trog's Hand, Renounce Religion


You were on level 6 of the Dungeon.
You worshipped Trog.
Trog was most pleased with you.
You were starving.

You visited 1 branch of the dungeon, and saw 6 of its levels.

You collected 198 gold pieces.

Inventory:

Hand Weapons
 a - a +0 hand axe (weapon)
 b - a +0 shortbow
 v - a +0 blowgun
 H - a +0 hunting sling
Missiles
 k - 6 steel tomahawks
 z - 19 arrows
 C - 146 stones
 E - 22 sling bullets
 F - 32 bolts
 J - 4 tomahawks
 K - 8 javelins (quivered)
Armour
 f - a +0 cloak
 m - +0 shadow dragon scales (worn)
 w - a +0 ring mail of poison resistance
 x - a +0 shield
 D - a +1 ring mail of cold resistance
 P - a +0 leather armour of poison resistance
 R - a +2 scale mail of magic resistance
 T - a +0 cloak (worn)
Jewellery
 n - a cursed ring of attention {unknown}
 p - a +3 ring of dexterity {unknown}
 q - an uncursed ring of ice {unknown}
 t - a cursed ring of teleportation {unknown}
 I - an uncursed ring of magical power {unknown}
 S - an uncursed ring of ice {unknown}
Wands
 A - a wand of flame (25)
 L - a wand of digging (3)
 U - a wand of disintegration (8)
Scrolls
 e - 3 scrolls of teleportation {unknown}
 g - 3 scrolls of magic mapping {unknown}
 j - 5 scrolls of remove curse {unknown}
 l - 2 scrolls of amnesia {unknown}
 r - 3 scrolls of enchant weapon {unknown}
 u - 5 scrolls of identify {unknown}
 B - a scroll of immolation {unknown}
 Q - a scroll of fog {unknown}
Potions
 d - 3 potions of heal wounds {unknown}
 h - a potion of agility {unknown}
 i - a potion of magic {unknown}
 o - 2 potions of haste {unknown}
 s - 2 potions of degeneration {unknown}
 y - 4 potions of curing {unknown}
 G - 2 potions of resistance {unknown}
 M - a potion of ambrosia {unknown}
 N - a potion of brilliance {unknown}
 O - a potion of flight {unknown}
 V - a potion of berserk rage {unknown}
 W - a potion of mutation {unknown}
Comestibles
 c - 20 rations


   Skills:
 + Level 7.2 Fighting
 * Level 9.6 Axes
 + Level 6.7 Armour
 + Level 6.1 Dodging


You had 8 spell levels left.
You didn't know any spells.
Your spell library was empty.

Dungeon Overview and Level Annotations

Branches:
Dungeon (6/15)             Temple (0/1) D:5

Altars:
Ashenzari
Cheibriados
Dithmenos
Hepliaklqana
Makhleb
Yredelemnul
Zin

Shops:
D:5 !


Innate Abilities, Weirdness & Mutations

You reflexively headbutt those who attack you in melee.
You have a pair of horns on your head.


Message History

You slash the fungus!
You feel sick. The jelly hits you.
* * * LOW HITPOINT WARNING * * *
The acid corrodes you!
You are splashed with acid!
The acid burns!
* * * LOW HITPOINT WARNING * * *
The slime creature hits you!!
* * * LOW HITPOINT WARNING * * *
The ooze hits the fungus but does no damage.
You hit the slime creature.
The slime creature is lightly wounded.
You hit the jelly but do no damage.
Your hands burn!
* * * LOW HITPOINT WARNING * * *
You hit the fungus but do no damage.
The jelly hits the fungus.
The fungus is splashed with acid.
You slash the slime creature!
The slime creature is lightly wounded.
Your shadow dragon scales prevents you from hitting the jelly.
You hit the fungus but do no damage. The jelly hits you.
* * * LOW HITPOINT WARNING * * *
You are splashed with acid!
The acid burns!
You die...

########.##.####.......#
..............##.......#
.........###..##.......#
##............##..)....#
.#.####..###.###....####
.#.# #..# #.# #....'..##
.#.# #..# #.# ########(#
.#.# #..# #.# ##).((.(##
.#.# #..###.# #@#######
.#.# #......##JPJJ.....
#######
.#.####......##JJJJ.P...
#...>..
...#.........##.P...P...
#.#####
...#.###.....##÷..P...P÷
#.# .....#
#.....##...P.P... #.#
#....# #.....##..÷P..÷.(
#.# .....#
#..############## #.#
#....# #..# #.#


You could see a slime creature, 2 jellies and 4 oozes.

Vanquished Creatures
  Eustachio (D:5)
  A hungry ghost (D:3)
  Duvessa (D:5)
  A phantom (D:5)
  A centaur (D:5)
  3 ogres (D:5)
  4 big kobolds
  A bullfrog (D:6)
  Dowan (D:5)
  2 scorpions
  A bullfrog zombie (D:5)
  A crimson imp (D:5)
  A jelly (D:6)
  A bullfrog skeleton (D:4)
  3 hounds
  5 orc wizards
  3 worker ants
  A worker ant zombie (D:5)
  6 adders
  A howler monkey skeleton (D:5)
  6 gnolls
  2 shadow imps (D:5)
  An ooze (D:6)
  2 adder skeletons (D:4)
  3 worms
  7 leopard geckos
  10 orcs
  2 ball pythons
  4 bats
  7 giant cockroaches
  3 goblins
  3 hobgoblins
  4 jackals (D:3)
  2 quokkas
  5 frilled lizards
  7 kobolds
  A leopard gecko skeleton (D:4)
  6 rats
114 creatures vanquished.

Vanquished Creatures (others)
  A fungus (D:6)
  6 toadstools (D:6)
7 creatures vanquished.

Grand Total: 121 creatures vanquished

Notes
Turn   | Place    | Note
-------+----------+-------------------------------------------
     0 | D:1      | Loudmushroom the Minotaur Berserker began the quest for the Orb.
     0 | D:1      | Reached XP level 1. HP: 19/19 MP: 0/0
   106 | D:1      | Found a shattered altar of Ashenzari.
   303 | D:1      | Reached XP level 2. HP: 21/27 MP: 1/1
   394 | D:1      | Reached skill level 4 in Axes
   556 | D:1      | You fall through a shaft!
   556 | D:2      | Found a burning altar of Makhleb.
   556 | D:2      | Found a basalt altar of Yredelemnul.
   556 | D:2      | Found a glowing silver altar of Zin.
   556 | D:2      | Found a snail-covered altar of Cheibriados.
   557 | D:2      | Found a shattered altar of Ashenzari.
   616 | D:2      | Found a hazy altar of Hepliaklqana.
   631 | D:2      | Reached XP level 3. HP: 33/33 MP: 2/2
  1162 | D:2      | Reached ** piety under Trog
  1309 | D:2      | Reached XP level 4. HP: 36/40 MP: 3/3
  1673 | D:3      | You fall through a shaft for 3 floors!
  1697 | D:6      | Reached skill level 5 in Axes
  1703 | D:5      | Entered Level 5 of the Dungeon
  1703 | D:5      | Noticed an ogre
  1706 | D:5      | Killed an ogre
  1706 | D:5      | Reached XP level 5. HP: 47/47 MP: 4/4
  1791 | D:5      | Noticed a centaur
  1804 | D:5      | Killed a centaur
  1804 | D:5      | Reached XP level 6. HP: 51/55 MP: 5/5
  1809 | D:5      | Reached skill level 6 in Axes
  1935 | D:5      | Noticed Duvessa
  1938 | D:5      | Reached skill level 5 in Fighting
  1940 | D:5      | Noticed Dowan
  1950 | D:5      | Killed Duvessa
  1952 | D:5      | Killed Dowan
  2078 | D:5      | Reached XP level 7. HP: 61/61 MP: 6/6
  2102 | D:5      | Reached skill level 7 in Axes
  2114 | D:5      | Found a staircase to the Ecumenical Temple.
  2273 | D:4      | Reached skill level 5 in Armour
  2377 | D:3      | Noticed a hungry ghost
  2390 | D:3      | Killed a hungry ghost
  2512 | D:3      | Reached *** piety under Trog
  3520 | D:4      | Reached XP level 8. HP: 57/70 MP: 7/7
  3674 | D:4      | Reached skill level 8 in Axes
  3674 | D:4      | Reached skill level 5 in Dodging
  5106 | D:5      | Noticed Eustachio
  5120 | D:5      | Paralysed by fainting for 12 turns
  5159 | D:5      | Paralysed by fainting for 7 turns
  5171 | D:5      | Paralysed by fainting for 7 turns
  5182 | D:5      | Killed Eustachio
  5182 | D:5      | Reached skill level 9 in Axes
  5548 | D:5      | Found Efaesab's Distillery.
  6177 | D:6      | Found a shadowy altar of Dithmenos.
  6319 | D:6      | Noticed a slime creature
  6324 | D:6      | Reached XP level 9. HP: 59/79 MP: 8/8
  6329 | D:6      | HP: 4/118 [slime creature (18)]
  6331 | D:6      | Splashed by a jelly's acid

Vault maps used:
D:1:      ncdulo_halloftheorcs, nicolae_ashenzari_panopticon
D:2:      minitemple
D:3:      minmay_parallelograms
D:5:      kennysheep_six_static_rooms, minmay_temple_entry_glassed_door,
          first_ration, serial_shops, nicolae_shop_window_shopping,
          uniq_duvessa, uniq_eustachio
D:6:      cheibrodos_fertilizer, nicolae_overflow_hidden_temple,
          minmay_misc_feat_iff

Skill      XL: |  1  2  3  4  5  6  7  8 |
---------------+-------------------------+-----
Axes           | 4 5 6 7 9 |  9.6
Fighting       | 4 5 6 7 |  7.2
Armour         | 3 4 5 6 |  6.7
Dodging        | 3 4 6 |  6.1

Action                   |  1- 3 |  4- 6 |  7- 9 || total
-------------------------+-------+-------+-------++-------
Melee: Hand axe          |    68 |    53 |   246 ||   367
       Headbutt          |     5 |    12 |    61 ||    78
Throw: Tomahawk          |     6 |       |     7 ||    13
Invok: Berserk           |       |     1 |     2 ||     3
       Trog's Hand       |       |     1 |     3 ||     4
 Stab: Sleeping          |       |       |     8 ||     8
  Eat: Chunk             |     1 |     4 |    15 ||    20
Armor: Animal skin       |     4 |       |       ||     4
       Ring mail         |     8 |       |       ||     8
       Shadow dragon sca |    12 |    29 |   257 ||   298
Dodge: Dodged            |    52 |    27 |   154 ||   233

Table legend:
 A = Spawn XP
 B = Non-spawn XP
 C = Spawn XP percentage of total XP
 D = Spawn monster count
 E = Non-spawn monster count
 F = Spawn count percentage of total count
 G = Total turns spent on level
                    A         B        C        D         E        F      G
               +---------+---------+-------+---------+---------+-------+---------
         Total |       0 |    2845 |   0.0 |       0 |     114 |   0.0 |  6331
               +---------+---------+-------+---------+---------+-------+---------
           D:1 |       0 |      17 |   0.0 |       0 |      10 |   0.0 |   952
           D:2 |       0 |      93 |   0.0 |       0 |      20 |   0.0 |   697
           D:3 |       0 |     381 |   0.0 |       0 |      25 |   0.0 |   966
           D:4 |       0 |     376 |   0.0 |       0 |      20 |   0.0 |  1410
           D:5 |       0 |    1426 |   0.0 |       0 |      27 |   0.0 |  1754
           D:6 |       0 |     552 |   0.0 |       0 |      12 |   0.0 |   552
               +---------+---------+-------+---------+---------+-------+---------
